 Dungeon Crawl Stone Soup version 0.29.1-2-gbd0b4ee654 (webtiles) character file.

Game seed: 944535030858224387

1185 Avanven the Grappler (level 8, -7/71 (74) HPs)
             Began as a Troll Fighter on Nov 20, 2022.
             Mangled by a vampire mosquito (8 damage)
             ... on level 6 of the Dungeon.
             The game lasted 00:04:38 (2774 turns).

Avanven the Grappler (Troll Fighter)                Turns: 2774, Time: 00:04:39

HP:   -7/71 (74)    AC:  4    Str: 27    XL:     8   Next: 19%
MP:   7/7           EV:  8    Int:  4    God:
Gold: 291           SH:  8    Dex:  9    Spells: 7/7 levels left

rFire   . . .      SeeInvis .     - Unarmed
rCold   . . .      Faith    .   b - +1 kite shield
rNeg    + . .      Spirit   .   a - +0 robe
rPois   .          Reflect  .   (helmet restricted)
rElec   .          Harm     .   (no cloak)
rCorr   .          Rampage  .   (gloves unavailable)
Will    .....                   (boots unavailable)
Stlth   +.........              (no amulet)
HPRegen 1.01/turn               j - ring of wizardry
MPRegen 0.10/turn               w - ring of positive energy

@: lightly drained
A: large, unfitting armour, claws 3, regeneration 1, shaggy fur 1, tough skin 1
a: no special abilities


You were on level 6 of the Dungeon.
You visited 1 branch of the dungeon, and saw 6 of its levels.

You collected 291 gold pieces.

Inventory:

Missiles
 o - 4 large rocks (quivered)
 u - a throwing net
Armour
 a - a +0 robe (worn)
 b - a +1 kite shield (worn)
Jewellery
 j - a ring of wizardry (left claw)
 w - a ring of positive energy (right claw)
Wands
 e - a wand of polymorph (7)
Scrolls
 f - a scroll of identify
 p - 3 scrolls of fog
 q - 2 scrolls of enchant weapon
 r - 2 scrolls of poison
 t - a scroll of amnesia
Potions
 c - a potion of might
 d - a potion of curing
 h - 2 potions of invisibility
 k - 3 potions of brilliance
 m - a potion of heal wounds {unknown}
 n - a potion of flight {unknown}
 v - a potion of cancellation {unknown}
 x - a potion of lignification {unknown}


   Skills:
 - Level 2.4 Fighting
 - Level 2.4 Dodging
 - Level 2.6 Shields
 * Level 10.0 Unarmed Combat


You had 7 spell levels left.
You didn't know any spells.
Your spell library contained the following spells:

 Spells                   Type           Power      Damage    Failure   Level
 Beastly Appendage        Tmut           0%         N/A       45%         1
 Poisonous Vapours        Pois/Air       0%         N/A       61%         2
 Wereblood                Tmut           0%         N/A       61%         2
 Ignite Poison            Fire/Tmut/Pois 0%         N/A       82%         3
 Spider Form              Tmut/Pois      0%         N/A       82%         3
 Summon Cactus Giant      Summ           0%         N/A       100%        6


Dungeon Overview and Level Annotations

Branches:
Dungeon (6/15)
 Temple: D:4-7

Altars:
Ashenzari
Elyvilon
Yredelemnul
Zin

Shops:
D:4 =


Innate Abilities, Weirdness & Mutations

You are too large for most types of armour.
You have claws for hands.
Your natural rate of healing is unusually fast.
You are covered in fur. (AC +1)
You have tough skin. (AC +1)


Message History

You are too injured to fight recklessly!
You are too injured to fight recklessly!
You are too injured to fight recklessly!
You are too injured to fight recklessly!
You are too injured to fight recklessly!
You are too injured to fight recklessly!
You are too injured to fight recklessly!
You are too injured to fight recklessly!
You are too injured to fight recklessly!
You are too injured to fight recklessly!
You are too injured to fight recklessly!
You are too injured to fight recklessly!
You are too injured to fight recklessly!
You are too injured to fight recklessly!
You are too injured to fight recklessly!
You are too injured to fight recklessly!
You are too injured to fight recklessly!
You are too injured to fight recklessly!
The iguana attacks as you move away! The iguana bites you.
There is an open door here.
The iguana attacks as you move away! The iguana barely misses you.
You closely miss the vampire mosquito.
You block the vampire mosquito's attack.
The vampire mosquito bites you!
* * * LOW HITPOINT WARNING * * *
The vampire mosquito draws strength from your injuries!
You closely miss the vampire mosquito. The vampire mosquito bites you.
* * * LOW HITPOINT WARNING * * *
The vampire mosquito draws strength from your injuries!
The vampire mosquito bites you but does no damage.
You miss the vampire mosquito. The vampire mosquito bites you!
* * * LOW HITPOINT WARNING * * *
The vampire mosquito draws strength from your injuries!
You scratch the vampire mosquito.
The vampire mosquito is lightly damaged.
The vampire mosquito bites you.
* * * LOW HITPOINT WARNING * * *
The vampire mosquito draws strength from your injuries!
The vampire mosquito bites you!
You die...

..........#. #######.#.#.
## #.#.#. ... #.#.#. ...#
#####.#.#. ... ..........
.###.#### #####.#...
........#############.....
...!.<.ly@................
####...y###############...
#...y....# #... #.....$..#
#... ####.....# #...
#.....# #... #.....# ....
#.....# ....# #.....#


You could see 2 vampire mosquitoes and an iguana.

Vanquished Creatures
  Grinder (D:4)
  Duvessa (D:4)
  A black bear (D:5)
  A centaur (D:5)
  A bullfrog (D:5)
  A necrophage (D:6)
  A scorpion (D:5)
  Dowan (D:4)
  An orc priest (D:4)
  A gnoll bouda (D:5)
  6 iguanas
  A scorpion zombie (D:3)
  A hound zombie (D:3)
  A howler monkey zombie (D:3)
  5 gnolls (D:5)
  10 adders
  An ufetubus (D:5)
  3 worms
  5 dart slugs
  4 orcs (D:4)
  2 endoplasms (D:1)
  4 giant cockroaches
  7 goblins
  9 hobgoblins
  2 jackals (D:3)
  6 quokkas
  10 ball pythons
  4 bats
  4 frilled lizards
  8 kobolds
  5 rats
108 creatures vanquished.

Notes
Turn   | Place    | Note
-------+----------+-------------------------------------------
     0 | D:1      | Avanven the Troll Fighter began the quest for the Orb.
     0 | D:1      | Reached XP level 1. HP: 22/22 MP: 0/0
    55 | D:1      | Got Uhunlol's Lessons on the Intoxicating Commander
    91 | D:1      | Reached XP level 2. HP: 29/29 MP: 1/1
   142 | D:1      | Reached skill level 3 in Unarmed Combat
   465 | D:2      | Reached XP level 3. HP: 34/36 MP: 2/2
   556 | D:2      | Found a glowing silver altar of Zin.
   595 | D:2      | Reached skill level 4 in Unarmed Combat
   700 | D:2      | Reached XP level 4. HP: 42/44 MP: 3/3
  1019 | D:3      | Found a broken altar of Ashenzari.
  1054 | D:3      | Reached skill level 5 in Unarmed Combat
  1060 | D:3      | Reached XP level 5. HP: 48/50 MP: 4/4
  1076 | D:3      | Found a basalt altar of Yredelemnul.
  1427 | D:4      | Found Oxeukhail's Jewellery Emporium.
  1436 | D:4      | You fall into a shaft and drop 1 floor!
  1436 | D:5      | Entered Level 5 of the Dungeon
  1530 | D:5      | Reached skill level 6 in Unarmed Combat
  1560 | D:5      | Reached XP level 6. HP: 55/59 MP: 5/5
  1604 | D:5      | Reached skill level 7 in Unarmed Combat
  1674 | D:5      | Reached XP level 7. HP: 37/66 MP: 6/6
  1771 | D:5      | Reached skill level 8 in Unarmed Combat
  1989 | D:4      | Noticed Dowan
  1989 | D:4      | Noticed Duvessa
  1996 | D:4      | Killed Duvessa
  2059 | D:4      | Killed Dowan
  2095 | D:4      | Noticed Grinder
  2104 | D:4      | Killed Grinder
  2105 | D:4      | Reached skill level 9 in Unarmed Combat
  2176 | D:4      | Reached XP level 8. HP: 74/74 MP: 7/7
  2615 | D:6      | Found a white marble altar of Elyvilon.
  2750 | D:6      | Reached skill level 10 in Unarmed Combat
  2774 | D:6      | HP: 1/71 [vampire mosquito (5)]
  2774 | D:6      | Mangled by a vampire mosquito

Illustrated notes

Levels and vault maps discovered:
D:1:      minmay_arrival_solitary_statue, layout_rooms, grunt_decor_cap
D:2:      layout_rooms, basic_altar, chequers_jeans, minmay_ruptured
D:3:      layout_basic, nicolae_yredelemnul_corpse_copse,
          cheibrodos_ashenzari_chains
D:4:      layout_cave_pools, serial_shops, nicolae_shop_advertising_works
          [nicolae_subvault_shop_adworks], hangedman_abyss_or_decor_stabs,
          uniq_grinder, uniq_duvessa
D:5:      layout_rooms, minmay_misc_feat_enclosed
D:6:      layout_basic, mainiacjoe_overflow_boulevard, mainiacjoe_overflow_paths

Skill      XL: |  1  2  3  4  5  6  7  8 |
---------------+-------------------------+-----
Unarmed Combat | 3 4 5 6 7 9 10 | 10.0
Fighting       | |  2.4
Dodging        | |  2.4
Shields        | |  2.6

Action                   |  1- 3 |  4- 6 |  7- 9 || total
-------------------------+-------+-------+-------++-------
Melee: Unarmed           |    98 |    99 |   109 ||   306
  Use: Scroll            |     3 |       |     9 ||    12
       Potion            |       |       |     1 ||     1
Armor: Robe              |    30 |    22 |    38 ||    90
Dodge: Dodged            |    28 |    36 |    44 ||   108
Block: Kite shield       |    31 |    38 |    41 ||   110
